 Dungeon Crawl Stone Soup version 0.25.0-9-g26727b657a (webtiles) character file.

Game seed: 8681678753803863941

20 Esekla the Grave Robber (level 2, -7/13 HPs)
             Began as a Vine Stalker Necromancer on June 20, 2020.
             Killed from afar by Sigmund (8 damage)
             ... with a magic dart
             ... on level 2 of the Dungeon.
             The game lasted 00:06:08 (1241 turns).

Esekla the Grave Robber (Vine Stalker Necromancer)  Turns: 1241, Time: 00:06:09

Health: -7/13      AC:  4    Str: 10    XL:     2   Next: 79%
Magic:  0/6        EV: 12    Int: 15    God:
Gold:   62         SH:  0    Dex: 14    Spells: 5/6 levels left

rFire    . . .     SeeInvis .   b - +0 dagger
rCold    . . .     Gourm    .   (no shield)
rNeg     . . .     Faith    .   a - +0 robe
rPois    .         Spirit   +   (no helmet)
rElec    .         Reflect  .   (no cloak)
rCorr    .         Harm     .   (no gloves)
MR       .....                  (no boots)
Stlth    ++........             (no amulet)
HPRegen  0.04/turn              (no ring)
MPRegen  0.10/turn              (no ring)

@: no status effects
A: fangs 2, iridescent scales 1, low mp 1, magic shield, antimagic bite, no
potion heal 3, rot immunity, MP-powered wands
a: no special abilities


You were on level 2 of the Dungeon.
You were very hungry.

You visited 1 branch of the dungeon, and saw 2 of its levels.

You collected 62 gold pieces.

Inventory:

Hand Weapons
 b - a +0 dagger (weapon)
Missiles
 k - 16 poisoned darts (quivered)
 l - 3 boomerangs
Armour
 a - a +0 robe (worn)
Scrolls
 d - a scroll of enchant weapon {unknown}
 f - a scroll of magic mapping {unknown}
 g - a scroll of remove curse {unknown}
 h - 2 scrolls of identify {unknown}
 i - a scroll of fog {unknown}
 m - a scroll of teleportation {unknown}
Potions
 e - a potion of mutation
 j - a potion of might {unknown}
Comestibles
 c - 9 rations


   Skills:
 * Level 0.2 Fighting
 + Level 1.6 Dodging
 + Level 2.4 Stealth
 * Level 2.6 Spellcasting
 + Level 4.3 Necromancy


You had 5 spell levels left.
You knew the following spells:

 Your Spells              Type           Power        Failure   Level  Hunger
a - Pain                  Necr           ###.         3%          1    #......

Your spell library contained the following spells:

 Spells                   Type           Power        Failure   Level  Hunger
 Animate Skeleton         Necr           N/A          3%          1    #......
 Vampiric Draining        Necr           ###.......   11%         3    ###....
 Animate Dead             Necr           N/A          34%         4    #####..
 Agony                    Necr           ###.....     67%         5    ######.


Dungeon Overview and Level Annotations

Branches:
Dungeon (2/15)

Altars:

Annotations:
D:2 Sigmund


Innate Abilities, Weirdness & Mutations

You have extremely sharp teeth.
When hurt, damage is shared between your health and your magic reserves.
Your bite disrupts and absorbs the magic of your enemies.
Potions cannot restore your health.
You are immune to rotting.
You are partially covered in iridescent scales. (AC +2)
Your magical capacity is low. (-10% MP)
You expend magic power (3 MP) to strengthen your wands.


Message History

* * * LOW HITPOINT WARNING * * *
You hit Sigmund.
Sigmund is lightly wounded.
You barely miss Sigmund.
Sigmund is lightly wounded.
Sigmund drinks a potion.
Sigmund suddenly seems more resistant.
You closely miss Sigmund. Your bite misses Sigmund.
Sigmund is lightly wounded.
Sigmund barely misses you.
You hit Sigmund but do no damage.
Sigmund is lightly wounded.
Sigmund hits you but does no damage.
You barely miss Sigmund.
Sigmund is lightly wounded.
You closely miss Sigmund.
Sigmund is lightly wounded.
Sigmund casts a spell at you. The magic dart hits you!
Ouch! That really hurt!
You die...

#.# .# #.# . #.# ###.
#.# ...
...######.#### #..
#............ #.#
#######...### ###@#
#...# ####..@####
#...#
#.........#######..(#
#########...........#
#########...# #...#
#...# #...# #####


You could see Sigmund (resistant).

Vanquished Creatures
  An ooze (D:2)
  A giant cockroach (D:2)
  2 goblins (D:1)
  2 hobgoblins
  5 kobolds
  2 ball pythons (D:1)
  2 rats
15 creatures vanquished.

Notes
Turn   | Place    | Note
-------+----------+-------------------------------------------
     0 | D:1      | Esekla the Vine Stalker Necromancer began the quest for the
                  | Orb.
     0 | D:1      | Reached XP level 1. HP: 9/9 MP: 4/4
   235 | D:1      | Reached XP level 2. HP: 13/13 MP: 4/6
  1231 | D:2      | Noticed Sigmund
  1235 | D:2      | Gained mutation: You are partially covered in iridescent
                  | scales. (AC +2) [potion of mutation]
  1235 | D:2      | Gained mutation: Your magical capacity is low. (-10% MP)
                  | [potion of mutation]
  1235 | D:2      | Gained mutation: You expend magic power (3 MP) to
                  | strengthen your wands. [potion of mutation]
  1241 | D:2      | Killed from afar by Sigmund

Illustrated notes

Levels and vault maps discovered:
D:1:      sevenhm_arrival_forest_fort_large_4, layout_loops_ring
D:2:      layout_rooms, uniq_sigmund

Action                   || total
-------------------------++-------
Melee: Dagger            ||    45
       Bite              ||    10
       Unarmed           ||     1
 Cast: Pain              ||    11
  Use: Potion            ||     1
 Stab: Sleeping          ||     2
Armor: Robe              ||     3
Dodge: Dodged            ||    21
